 Dungeon Crawl Stone Soup version 0.22-a0-799-g88f5e907b7 (webtiles) character file.

4673 Htamos the Nimble (level 10, -3/53 HPs)
             Began as a Spriggan Fighter on July 21, 2018.
             Was an Initiate of Gozag.
             Slain by a killer bee (6 damage)
             ... on level 8 of the Dungeon.
             The game lasted 00:24:35 (15263 turns).

Htamos the Nimble (Spriggan Fighter)               Turns: 15263, Time: 00:24:36

Health: -3/53      AC:  2    Str: 17    XL:     10   Next: 21%
Magic:  11/11      EV: 27    Int: 10    God:    Gozag
Gold:   390        SH:  0    Dex: 18    Spells: 9/9 levels left

rFire    . . .     SeeInvis +   k - +7 quarterstaff "Transmigrator" {freeze, +Blink rN+ Str+4}
rCold    . . .     Gourm    .   (shield currently unavailable)
rNeg     + . .     Faith    .   b - +0 robe
rPois    .         Spirit   .   (helmet restricted)
rElec    .         Reflect  .   (no cloak)
rCorr    .         Harm     .   (gloves unavailable)
MR       +....                  (boots unavailable)
Stlth    +++++.....             (no amulet)
HPRegen  0.17/turn              (no ring)
MPRegen  0.12/turn              (no ring)

@: lethally poisoned (-3 -> -14), very quick
A: very small, unfitting armour, horns 1, see invisible, herbivore, speed 3,
mutation resistance 1, slow metabolism 2
a: Potion Petition, Call Merchant, Bribe Branch, Renounce Religion, Evoke Blink


You were on level 8 of the Dungeon.
You worshipped Gozag.
Gozag was aware of your devotion.
You were not hungry.

You visited 2 branches of the dungeon, and saw 9 of its levels.
You also visited: Ossuary.

You collected 772 gold pieces.
You spent 225 gold pieces at shops.
You paid 157 gold pieces to Gozag.

Inventory:

Hand Weapons
 a - a +0 rapier
 k - the +7 quarterstaff "Transmigrator" (weapon) {freeze, +Blink rN+ Str+4}
   (You bought it in a shop on level 6 of the Dungeon)

   It has been specially enchanted to freeze those struck by it, causing extra
   injury to most foes and up to half again as much damage against particularly
   susceptible opponents.
   It can also slow down cold-blooded creatures.
   It affects your strength (+4).
   It protects you from negative energy.
   It lets you blink.
Armour
 b - a +0 robe (worn)
 c - a +1 buckler
Jewellery
 l - an uncursed ring of magical power {unknown}
 n - a +2 ring of protection {unknown}
 o - an uncursed amulet of magic regeneration {unknown}
Wands
 d - a wand of digging (15)
 u - a wand of iceblast (13)
Scrolls
 e - 2 scrolls of enchant armour
 g - a scroll of noise
 h - 3 scrolls of amnesia
 i - 4 scrolls of remove curse
 j - a scroll of teleportation
 p - a scroll of immolation
 q - 3 scrolls of identify
 v - 2 scrolls of enchant weapon {unknown}
 x - a scroll of fear {unknown}
Potions
 m - a potion of brilliance {unknown}
 r - 3 potions of flight
 s - 2 potions of agility
 t - 2 potions of haste {unknown}
 w - a potion of mutation
Comestibles
 f - 3 rations


   Skills:
 + Level 6.6 Fighting
 - Level 5.6 Short Blades
 + Level 11.0 Dodging
 + Level 10.2 Stealth
 + Level 5.9 Shields


You had 9 spell levels left.
You didn't know any spells.
Your spell library contained the following spells:

 Spells                   Type           Power        Failure   Level  Hunger
 Cause Fear               Hex            #.........   98%         4    #####..
 Slow                     Hex            #.......     50%         2    ###....
 Corona                   Hex            #......      36%         1    ##.....
 Portal Projectile        Hex/Tloc       #.....       75%         3    ####...
 Leda's Liquefaction      Hex/Erth       #.........   98%         4    #####..
 Inner Flame              Hex/Fire       #.......     75%         3    ####...


Dungeon Overview and Level Annotations

Branches:
Dungeon (8/15)             Temple (1/1) D:7
   Lair: D:8-11

Altars:
Ashenzari
Cheibriados
Dithmenos
Elyvilon
Fedhas
Gozag
Hepliaklqana
Kikubaaqudgha
Makhleb
Nemelex Xobeh
Qazlal
Ru
Sif Muna
Trog
Uskayaw
Vehumet
Wu Jian
Xom
Yredelemnul
Zin
The Shining One

Shops:
D:6 (


Innate Abilities, Weirdness & Mutations

You are very small and have problems with some larger weapons.
You are too small for most types of armour.
You have supernaturally acute eyesight. (SInv)
You are a herbivore.
You cover ground extremely quickly.
You need to consume almost no food.
You have a pair of small horns on your head.
You are somewhat resistant to further mutation.


Message History

The killer bee closely misses you. The killer bee misses you.
You barely miss the killer bee. Your headbutt misses the killer bee.
You feel sick. The killer bee completely misses you. The killer bee misses you.
You miss the killer bee. Your headbutt misses the killer bee.
You feel sick.
The killer bee misses you. x2; The killer bee barely misses you.
You closely miss the killer bee. Your headbutt misses the killer bee.
The killer bee barely misses you. The killer bee stings you!
* * * LOW HITPOINT WARNING * * *
The killer bee completely misses you.
You barely miss the killer bee.
You feel sick. The killer bee stings you.
* * * LOW HITPOINT WARNING * * *
The killer bee stings you.
* * * LOW HITPOINT WARNING * * *
You are more poisoned.
The killer bee poisons you!
You barely miss the killer bee.
* * * LOW HITPOINT WARNING * * *
You feel sick. The killer bee stings you.
You die...
Your body crumbles into a pile of gold.

...###.##.##.......##.......###.#
.....#...........########...# #..
.....####........# #...# #..
.....# ####......# ##### #..
.....# #......).)# #.# .....#
#.###.....# #.# ##.#####.#
#...#.# #.# #.......# #...#.# #..
######### #####@# ###
##########y##### ###
#..........#...# #..
#...........).(# #.#
#.........##...# #..
#.........##..y##### ###
#.................<##### #
#......................####
#......................)...


You could see a killer bee.

Vanquished Creatures
  A two-headed ogre (D:8)
  Psyche (D:8)
  A hippogriff (D:6)
  Menkaure (D:5)
  2 ice beasts
  2 black bears
  An orc warrior (D:4)
  2 ogres
  4 centaurs
  3 bullfrogs
  A gnoll sergeant (D:8)
  A scorpion (D:7)
  4 killer bees (D:8)
  6 howler monkeys
  A bullfrog zombie (D:6)
  5 crimson imps
  A centaur zombie (D:5)
  4 orc priests
  A gnoll shaman (D:7)
  5 hounds
  A jelly (D:8)
  11 orc wizards
  A human zombie (Ossuary)
  Jessica (D:2)
  2 centaur skeletons (D:4)
  2 iguanas
  7 worker ants
  2 big kobold zombies (Ossuary)
  A hound zombie (D:6)
  5 mummies
  A worker ant zombie (D:7)
  6 adders
  16 gnolls
  2 shadow imps
  2 oozes (D:1)
  An adder zombie (D:8)
  4 worms
  2 dart slugs
  5 leopard geckos
  32 orcs
  3 giant cockroaches
  2 gnoll zombies (Ossuary)
  6 goblins
  8 hobgoblins
  16 jackals
  A quokka (D:4)
  2 ball pythons
  6 bats
  7 frilled lizards
  2 hobgoblin zombies (Ossuary)
  6 kobolds
  A kobold zombie (Ossuary)
  2 orc zombies (D:6)
  3 rats (D:1)
216 creatures vanquished.

Vanquished Creatures (others)
  A sky beast (D:6)
1 creature vanquished.

Grand Total: 217 creatures vanquished

Notes
Turn   | Place    | Note
-------+----------+-------------------------------------------
     0 | D:1      | Htamos the Spriggan Fighter began the quest for the Orb.
     0 | D:1      | Reached XP level 1. HP: 11/11 MP: 2/2
   128 | D:1      | Reached XP level 2. HP: 16/16 MP: 3/3
   344 | D:1      | Reached XP level 3. HP: 17/19 MP: 4/4
   495 | D:1      | Reached skill level 5 in Dodging
   685 | D:2      | Found a shattered altar of Ashenzari.
   974 | D:1      | Reached XP level 4. HP: 11/23 MP: 5/5
  2238 | D:2      | Found a hazy altar of Hepliaklqana.
  2263 | D:2      | Noticed Jessica
  2273 | D:2      | Killed Jessica
  2273 | D:2      | Reached XP level 5. HP: 26/28 MP: 6/6
  2327 | D:3      | Found a sacrificial altar of Ru.
  3291 | D:3      | Reached skill level 1 in Stealth
  3381 | D:3      | Reached skill level 6 in Dodging
  3949 | D:4      | Reached XP level 6. HP: 23/32 MP: 7/7
  4230 | D:4      | Found a burning altar of Makhleb.
  4703 | D:4      | Found a basalt altar of Yredelemnul.
  4704 | D:4      | Found a stormy altar of Qazlal.
  4706 | D:4      | Found a hide-covered altar of Uskayaw.
  4707 | D:4      | Found a bloodstained altar of Trog.
  5837 | D:5      | Entered Level 5 of the Dungeon
  6359 | D:5      | Noticed an orc warrior
  6684 | D:6      | Reached XP level 7. HP: 12/37 MP: 8/8
  7210 | D:6      | Reached skill level 7 in Dodging
  7317 | D:6      | Found a sand-covered staircase.
  7325 | Ossuary  | Entered an ossuary
  7825 | D:6      | Reached skill level 5 in Short Blades
  7834 | D:6      | Reached skill level 5 in Stealth
  7834 | D:6      | Reached XP level 8. HP: 20/42 MP: 9/9
  8130 | D:6      | Gained mutation: You have a pair of small horns on your head. [potion of mutation]
  8130 | D:6      | Gained mutation: You are somewhat resistant to further mutation. [potion of mutation]
  8525 | D:6      | Found a glowing golden altar of the Shining One.
  8554 | D:6      | Reached skill level 8 in Dodging
  9366 | D:6      | Found Ihuoloc's Antique Weapon Shop.
  9373 | D:6      | Noticed a hippogriff
  9638 | D:6      | Bought a translucent quarterstaff for 225 gold pieces
  9645 | D:6      | Identified the +7 quarterstaff "Transmigrator" {freeze, +Blink rN+ Str+4} (You bought it in a shop on level 6 of the Dungeon)
  9871 | D:6      | Killed a hippogriff
  9871 | D:6      | Reached skill level 5 in Fighting
 10492 | D:7      | Reached skill level 9 in Dodging
 10529 | D:7      | Reached XP level 9. HP: 47/47 MP: 10/10
 10848 | D:7      | Found a staircase to the Ecumenical Temple.
 10897 | D:7      | Found a snail-covered altar of Cheibriados.
 10935 | Temple   | Entered the Ecumenical Temple
 11581 | D:7      | Reached skill level 5 in Shields
 12093 | Temple   | Became a worshipper of Gozag Ym Sagoz the Greedy
 12652 | D:5      | Reached skill level 10 in Dodging
 12800 | D:5      | Noticed Menkaure
 13154 | D:5      | Killed Menkaure
 13382 | D:5      | Found a sparkling altar of Nemelex Xobeh.
 13986 | D:8      | Noticed a two-headed ogre
 14010 | D:8      | Killed a two-headed ogre
 14010 | D:8      | Reached XP level 10. HP: 52/53 MP: 11/11
 14026 | D:8      | Noticed Psyche
 14033 | D:8      | Killed Psyche
 14033 | D:8      | Reached skill level 10 in Stealth
 14182 | D:8      | Found a shadowy altar of Dithmenos.
 14234 | D:8      | Reached skill level 11 in Dodging
 15263 | D:8      | Slain by a killer bee

Vault maps used:
D:1:      minmay_arrival_glassed_features, fountainhead
D:2:      ashenzari_altar_1, nicolae_overflow_crystal_walls, uniq_jessica
D:3:      nicolae_ru_awakened_eye, first_ration, glass_columns_c
D:4:      grunt_temple_overflow_open
D:5:      nemelex_xobeh_ov_fountains_minmay, uniq_menkaure
D:6:      tso_metal_star, serial_shops, shop_fountains,
          nicolae_ossuary_entry_giza
D:7:      black_bear_nest_2, cheibriados_altar_1, temple_statues
D:8:      kennysheep_mini, uniq_psyche
Temple:   kb_temple_of_zot
Ossuary:  ossuary_crypta

Skill      XL: |  1  2  3  4  5  6  7  8  9 10 |
---------------+-------------------------------+-----
Dodging        | 5 6 7 9 10 11 | 11.0
Short Blades   | 3 4 5 |  5.6
Fighting       | 3 4 5 6 |  6.6
Shields        | 3 4 5 |  5.9
Stealth        | 1 3 5 7 9 10 | 10.2

Action                   |  1- 3 |  4- 6 |  7- 9 | 10-12 || total
-------------------------+-------+-------+-------+-------++-------
Melee: Rapier            |   114 |   333 |   267 |       ||   714
       Quarterstaff      |       |       |   187 |    61 ||   248
       Headbutt          |       |       |    42 |    13 ||    55
Invok: Potion Petition   |       |       |     1 |       ||     1
Evoke: Wand              |       |       |    11 |       ||    11
  Use: Potion            |       |     2 |    12 |     1 ||    15
       Scroll            |       |       |    20 |     1 ||    21
 Stab: Sleeping          |       |     3 |    17 |       ||    20
       Invisible         |       |       |     1 |     1 ||     2
       Distracted        |       |       |     1 |       ||     1
  Eat: Ration            |       |     4 |     4 |       ||     8
Armor: Robe              |     8 |    12 |     8 |       ||    28
       Skin              |       |       |    30 |       ||    30
Dodge: Dodged            |    89 |   214 |   341 |   123 ||   767
Block: Buckler           |    35 |    86 |    67 |       ||   188

Table legend:
 A = Spawn XP
 B = Non-spawn XP
 C = Spawn XP percentage of total XP
 D = Spawn monster count
 E = Non-spawn monster count
 F = Spawn count percentage of total count
 G = Total turns spent on level
                    A         B        C        D         E        F      G
               +---------+---------+-------+---------+---------+-------+---------
         Total |       0 |    6676 |   0.0 |       0 |     217 |   0.0 | 15263
               +---------+---------+-------+---------+---------+-------+---------
           D:1 |       0 |      83 |   0.0 |       0 |      34 |   0.0 |  1249
           D:2 |       0 |     136 |   0.0 |       0 |      17 |   0.0 |  1520
           D:3 |       0 |      89 |   0.0 |       0 |      18 |   0.0 |  1103
           D:4 |       0 |     470 |   0.0 |       0 |      19 |   0.0 |  2612
           D:5 |       0 |     683 |   0.0 |       0 |      18 |   0.0 |  1656
           D:6 |       0 |    1487 |   0.0 |       0 |      33 |   0.0 |  3121
           D:7 |       0 |    1307 |   0.0 |       0 |      40 |   0.0 |  1734
           D:8 |       0 |    2250 |   0.0 |       0 |      26 |   0.0 |  1660
       Ossuary |       0 |     171 |   0.0 |       0 |      12 |   0.0 |   419
               +---------+---------+-------+---------+---------+-------+---------
